 Seeded DCSS version 0.29-a0-923-g6e406bff71 (webtiles) character file.

Game seed: 18446744073709551615 (custom seed)

2314 scionoferis the Frost Mage (level 9, -21/51 HPs)
             Began as an Octopode Ice Elementalist on July 27, 2022.
             Was an Initiate of Gozag.
             Demolished by a shadow (32 damage)
             ... on level 8 of the Dungeon.
             The game lasted 00:24:52 (10090 turns).

scionoferis the Frost Mage (OpIE)                  Turns: 10090, Time: 00:24:53

Health: -21/51     AC:  9    Str: 20    XL:     9   Next: 41%
Magic:  15/17      EV: 14    Int: 21    God:    Gozag
Gold:   504        SH:  0    Dex: 12    Spells: 8/19 levels left

rFire   . . .      SeeInvis .   a - +1 whip (elec)
rCold   . . .      Faith    .   (no shield)
rNeg    . . .      Spirit   .   (helmet restricted)
rPois   .          Reflect  .   (no amulet)
rElec   .          Harm     .   h - ring of willpower
rCorr   .          Rampage  .   o - +6 ring of strength
Will    +....                   D - +6 ring of strength
Stlth   ++++......              (no ring)
HPRegen 0.17/turn               (no ring)
MPRegen 0.15/turn               (no ring)
                                (no ring)
                                (no ring)

@: ice-armoured
A: almost no armour, amphibious, 8 rings, camouflage 1, gelatinous body 1,
(nimble swimmer 1), tentacles
a: Renounce Religion, Potion Petition, Call Merchant, Bribe Branch


You were on level 8 of the Dungeon.
You worshipped Gozag.
Gozag was pleased with you.
You visited 2 branches of the dungeon, and saw 9 of its levels.

You collected 581 gold pieces.
You paid 77 gold pieces to Gozag.

Inventory:

Hand Weapons
 a - a +1 whip of electrocution (weapon)
 b - a +3 sling of freezing
 d - a +0 dagger
 s - a +0 whip of venom
 w - a +2 flail of protection
Missiles
 e - 17 poisoned darts
Jewellery
 h - a ring of willpower (left tentacle)
 o - a +6 ring of strength (right tentacle)
 D - a +6 ring of strength (on tentacle)
Wands
 m - a wand of paralysis (22)
 p - a wand of roots (12)
Scrolls
 c - a scroll of summoning
 g - 2 scrolls of magic mapping
 l - 4 scrolls of enchant weapon
 t - a scroll of blinking
 x - 4 scrolls of fog
 y - 3 scrolls of teleportation
 z - a scroll of vulnerability
 A - a scroll of immolation
 C - 2 scrolls of identify
 E - a scroll of torment
 F - a scroll of fear
Potions
 f - a potion of haste
 i - 2 potions of heal wounds {unknown}
 j - 2 potions of degeneration {unknown}
 k - a potion of might {unknown}
 n - 2 potions of invisibility {unknown}
 q - a potion of ambrosia
 r - 2 potions of magic
 u - 2 potions of curing {unknown}
 v - 2 potions of berserk rage {unknown}
 B - 3 potions of lignification {unknown}


   Skills:
 + Level 5.3 Dodging
 - Level 6.0 Stealth
 + Level 5.8 Spellcasting
 * Level 9.6 Ice Magic


You had 8 spell levels left.
You knew the following spells:

 Your Spells              Type           Power      Damage    Failure   Level
a - Freeze                Ice            100%       1d11      1%          1
b - Frozen Ramparts       Ice            92%        1d11      1%          3
c - Ozocubu's Armour      Ice            46%        N/A       1%          3
d - Hailstorm             Conj/Ice       26%        3d7       14%         4

Your spell library contained the following spells:

 Spells                   Type           Power      Damage    Failure   Level


Dungeon Overview and Level Annotations

Branches:
Dungeon (8/15)             Temple (1/1) D:7
   Lair: D:8-11

Altars:
Ashenzari
Cheibriados
Dithmenos
Elyvilon
Fedhas
Gozag
Hepliaklqana
Kikubaaqudgha
Nemelex Xobeh
Okawaru
Qazlal
Ru
Sif Muna
Trog
Uskayaw
Vehumet
Wu Jian
Xom
Yredelemnul
Zin
The Shining One


Innate Abilities, Weirdness & Mutations

You cannot wear most types of armour.
You are amphibious.
You can wear up to eight rings at the same time.
Your skin changes colour to match your surroundings (Stealth+).
Your rubbery body absorbs attacks. (AC +1, EV +1)
((You are camouflaged when in or above water. (Stealth+)))
You have tentacles for arms and can constrict up to eight enemies at once.


Message History

Here: a shadow (dormant)
The floor.
Press: ? - help, v - describe, . - travel
Here: a shadow (dormant)
The floor.
The helpless shadow fails to defend itself.
You whack the shadow!
The shadow is moderately damaged.
The shadow barely misses you.
Casting: Ozocubu's Armour (safe; 1% risk of failure)
Confirm with . or Enter, or press ? or * to list all spells.
A film of ice covers your body! The shadow hits you.
You hit the shadow. Your squeeze misses the shadow.
The shadow is moderately damaged.
The shadow slips into darkness.
The shadow flickers and vanishes!
Your icy armour will break if you move.
Continue? [Y]es or [N]o only, please.
Your icy armour will break if you move.
Continue? [Y]es or [N]o only, please.
Your icy armour will break if you move.
Continue? [Y]es or [N]o only, please.
Your icy armour will break if you move.
Continue?
Okay, then.
You miss something. You squeeze something.
The shadow strikes at you from the darkness!
You whack the shadow!
The shadow is almost destroyed.
The shadow slips into darkness.
The shadow flickers and vanishes!
You barely miss something. Your squeeze misses something.
The shadow strikes at you from the darkness!
* * * LOW HITPOINT WARNING * * *
The shadow slips into darkness.
The shadow flickers and vanishes!
You miss something. Your squeeze misses something.
The shadow strikes at you from the darkness!
Ouch! That really hurt!
You die...
Your body crumbles into a pile of gold.

......#.###..# ..$
..<..[#.....###.#
......##<.# #.. #
..........####.#### .#
###...............##.###
#####...#.#..#........
#).#.#....#..!.....
#.##...#$.......... #..
###.#.##@....... #.#
#$..##{....... ..
##..##........ ...
#..#########. #..# #...#
#...#.. #..#####. #<# ##


There were no monsters in sight!

Vanquished Creatures
  A wraith (D:5)
  2 water moccasins (D:7)
  An orc warrior (D:7)
  An ice beast (D:4)
  A black bear (D:6)
  2 sky beasts
  An ogre (D:7)
  A phantom (D:6)
  A kobold brigand (D:8)
  A bullfrog (D:6)
  A necrophage (D:7)
  4 scorpions
  A gnoll sergeant (D:6)
  2 hounds
  2 jellies (D:4)
  2 orc priests
  4 iguanas
  7 orc wizards
  Robin (D:3)
  16 gnolls
  8 adders
  2 shadow imps
  4 white imps
  3 ufetubi
  A dart slug (D:2)
  15 orcs
  A ball python (D:3)
  7 bats
  6 endoplasms
  4 giant cockroaches
  13 goblins
  10 hobgoblins
  A quokka (D:4)
  2 frilled lizards (D:3)
  11 kobolds
  5 rats
145 creatures vanquished.

Notes
Turn   | Place    | Note
-------+----------+-------------------------------------------
     0 | D:1      | scionoferis the Octopode Ice Elementalist began the quest
                  | for the Orb.
     0 | D:1      | Reached XP level 1. HP: 11/11 MP: 3/3
   528 | D:1      | Found a faded altar of an unknown god.
   586 | D:1      | Reached XP level 2. HP: 14/17 MP: 5/5
  1310 | D:2      | Reached XP level 3. HP: 8/21 MP: 4/6
  1492 | D:2      | Learned a level 3 spell: Frozen Ramparts
  2038 | D:2      | Reached skill level 5 in Ice Magic
  2039 | D:2      | Reached XP level 4. HP: 27/27 MP: 3/8
  2284 | D:2      | Learned a level 3 spell: Ozocubu's Armour
  2940 | D:3      | Reached XP level 5. HP: 30/31 MP: 5/9
  3165 | D:3      | Noticed Robin
  3237 | D:3      | Killed Robin
  3529 | D:3      | Found a sparkling altar of Nemelex Xobeh.
  3741 | D:4      | Reached skill level 6 in Ice Magic
  3890 | D:4      | Noticed an ice beast
  3903 | D:4      | Killed an ice beast
  3904 | D:4      | Reached XP level 6. HP: 24/36 MP: 8/11
  4262 | D:4      | Reached XP level 7. HP: 36/41 MP: 5/12
  4712 | D:5      | Entered Level 5 of the Dungeon
  4839 | D:5      | Reached skill level 7 in Ice Magic
  5535 | D:5      | You fall into a shaft and drop 2 floors!
  5594 | D:7      | Found a staircase to the Ecumenical Temple.
  5615 | D:7      | Reached XP level 8. HP: 26/46 MP: 6/14
  5624 | D:7      | Reached skill level 5 in Stealth
  5634 | Temple   | Entered the Ecumenical Temple
  6151 | Temple   | Became a worshipper of Gozag Ym Sagoz the Greedy
  6618 | D:5      | Noticed a wraith
  6630 | D:5      | Killed a wraith
  6631 | D:5      | Reached skill level 8 in Ice Magic
  6805 | D:5      | Learned a level 4 spell: Hailstorm
  7279 | D:6      | Reached skill level 5 in Spellcasting
  8136 | D:6      | Reached skill level 9 in Ice Magic
  8136 | D:6      | Reached XP level 9. HP: 43/51 MP: 9/17
  8869 | D:7      | Reached skill level 5 in Dodging
 10090 | D:8      | Demolished by a shadow

Illustrated notes

Levels and vault maps discovered:
D:1:      dpeg_arrival_brainrot, layout_loops_ring,
          shapermc_ecumenical_altar_mp_vishouse
D:2:      minmay_inner_zag, layout_loops_ring
D:3:      layout_loops_ring, nemelex_diamond_rough_becter, uniq_robin
D:4:      layout_basic
D:5:      layout_basic
D:6:      layout_loops_ring
D:7:      layout_basic, minmay_temple_entry_trees
D:8:      layout_rooms, erik_lair_dragon, serial_shops, shop,
          kennysheep_mini_moat, kennysheep_generic_room_15
Temple:   mainiacjoe_temple_big_plus

Skill      XL: |  1  2  3  4  5  6  7  8  9 |
---------------+----------------------------+-----
Ice Magic      | 5 6 7 9 |  9.6
Spellcasting   | 3 4 5 |  5.8
Stealth        | 3 4 6 |  6.0
Dodging        | 3 4 5 |  5.3

Action                   |  1- 3 |  4- 6 |  7- 9 || total
-------------------------+-------+-------+-------++-------
Melee: Dagger            |    46 |    30 |       ||    76
       Constrict         |    13 |    16 |    18 ||    47
       Unarmed           |     4 |       |       ||     4
       Tentacles         |    12 |    10 |    19 ||    41
       Punch             |     1 |     2 |     4 ||     7
       Whip              |       |    10 |    75 ||    85
       Flail             |       |    28 |    11 ||    39
       Sling             |       |     1 |       ||     1
 Fire: Sling             |       |    22 |    47 ||    69
 Cast: Freeze            |     7 |       |       ||     7
       Frozen Ramparts   |     2 |     9 |    32 ||    43
       Ozocubu's Armour  |       |     7 |    21 ||    28
  Use: Scroll            |     2 |     1 |    10 ||    13
       Potion            |       |     2 |       ||     2
 Stab: Sleeping          |     6 |     4 |     8 ||    18
Armor: Skin              |     9 |    12 |    16 ||    37
Dodge: Dodged            |    30 |    44 |    47 ||   121

Table legend: (Time is in decaauts)
 A = Elapsed time spent in this place.
 B = Non-inter-level travel time spent in this place.
 C = Inter-level travel time spent in this place.
 D = Time resting spent in this place.
 E = Time spent auto-exploring this place.
 F = Levels seen in this place.
 G = Mean time per level.
                   A        B        C        D        E       F      G
               +--------+--------+--------+--------+--------+-----+--------+
         Total |  10113 |   9807 |    306 |   1009 |   7281 |   9 | 1123.7 |
       Dungeon |   9564 |   9287 |    277 |   1009 |   6781 |   8 | 1195.5 |
        Temple |    548 |    519 |     29 |      0 |    500 |   1 |  548.0 |
               +--------+--------+--------+--------+--------+-----+--------+

Top non-repeatable levels by time:
     D:7: 1956 daAuts
     D:2: 1642 daAuts
     D:6: 1303 daAuts
     D:5: 1297 daAuts
     D:4: 1240 daAuts
     D:3: 1112 daAuts
     D:1: 930 daAuts
  Temple: 548 daAuts
     D:8: 81 daAuts
